 Dungeon Crawl Stone Soup version 0.22-a0-283-g1871b15 (webtiles) character file.

47 smeego the Firebug (level 3, -3/21 HPs)
             Began as an Octopode Fire Elementalist on Mar 18, 2018.
             Hit by a stone thrown by a gnoll (4 damage)
             ... on level 2 of the Dungeon.
             The game lasted 00:02:06 (1888 turns).

smeego the Firebug (Octopode Fire Elementalist)     Turns: 1888, Time: 00:02:06

Health: -3/21      AC:  1    Str:  7    XL:     3   Next: 70%
Magic:  6/6        EV: 13    Int: 18    God:
Gold:   87         SH:  0    Dex: 12    Spells: 0/6 levels left

rFire    . . .     SeeInvis .   f - +2 dagger (venom)
rCold    . . .     Gourm    .   (no shield)
rNeg     . . .     Faith    .   (helmet restricted)
rPois    .         Spirit   .   (no amulet)
rElec    .         Reflect  .   a - ring of loudness (curse)
rCorr    .         Harm     .   (no ring)
MR       .....                  (no ring)
Stlth    ++........             (no ring)
HPRegen  0.07/turn              (no ring)
MPRegen  0.10/turn              (no ring)
                                (no ring)
                                (no ring)

@: no status effects
A: almost no armour, stealthy swim, amphibious, 8 rings, constrict 8, camouflage
1, gelatinous body 1
a: no special abilities


You were on level 2 of the Dungeon.
You were not hungry.

You visited 1 branch of the dungeon, and saw 2 of its levels.

You collected 87 gold pieces.

Inventory:

Hand Weapons
 e - a +0 hand axe of flaming
 f - a +2 dagger of venom (weapon)
Jewellery
 a - a cursed ring of loudness (left tentacle)
Scrolls
 i - a scroll of magic mapping {unknown}
 k - a scroll of enchant weapon {unknown}
 l - a scroll of identify {unknown}
Potions
 c - a potion of experience {unknown}
 d - a potion of heal wounds {unknown}
 g - a potion of flight {unknown}
 h - a potion of berserk rage {unknown}
 j - a potion of degeneration {unknown}
Comestibles
 b - 3 rations
 m - 2 chunks of flesh


   Skills:
 - Level 2.0 Dodging
 + Level 3.3 Stealth
 + Level 2.3 Spellcasting
 * Level 2.1 Conjurations
 * Level 3.5 Fire Magic


You couldn't memorise any spells.
You knew the following spells:

 Your Spells              Type           Power        Failure   Level  Hunger
a - Flame Tongue          Conj/Fire      ##...        5%          1    #......
b - Throw Flame           Conj/Fire      ##....       9%          2    ##.....
c - Conjure Flame         Conj/Fire      ##......     16%         3    ###....


Dungeon Overview and Level Annotations

Branches:
Dungeon (2/15)

Altars:
Gozag
Okawaru


Innate Abilities, Weirdness & Mutations

You cannot wear most types of armour.
You are very stealthy in the water. (Stealth+)
You are amphibious.
You can wear up to eight rings at the same time.
You can use your tentacles to constrict eight enemies at once.
Your skin changes colour to match your surroundings (Stealth+).
Your rubbery body absorbs attacks. (AC +1, EV +1)


Message History

The kobold hits you.
You hit the kobold.
The kobold is poisoned.
You kill the kobold!
You closely miss the frilled lizard. Your grab misses the frilled lizard.
The frilled lizard bites you.
You closely miss the frilled lizard. You grab the frilled lizard.
You kill the frilled lizard!
You hit the gnoll.
The gnoll is poisoned.
You grab the gnoll.
The gnoll is lightly wounded.
You constrict the gnoll, but do no damage.
The gnoll hits you!
* * * LOW HITPOINT WARNING * * *
You hit the gnoll.
The gnoll is heavily wounded.
You constrict the gnoll, but do no damage.
The gnoll hits you.
* * * LOW HITPOINT WARNING * * *
You release your grip on the gnoll.
The gnoll throws a stone.
The stone hits you.
You die...

###.# ##.#.#.#.#
#.....#.....# .##.#
#≈≈≈lg≈#.#
####.#.#.##.##
#.#.####_.ggKo.o.#
#.....##...
.##....##≈≈≈≈≈≈#g#
###.#######
.#####.##.#.#.##K#
#.# .# #.# # ## #g#
#.####### .# #.# #g#
#........ .# #.# #.#
#.####### .# #.# #@#
#.# ÷# #.# #.# #.# .#
#.# #.# #.# .# #.#
#.## #.# .# #.#######
#(.# #.####### .#
#.#.....####.#
#........ ##
#.#.##.).###.#
#########
#..>#.#...##.#
#########.##.#..#.###


You could see 2 gnolls, an orc, a goblin and a kobold.

Vanquished Creatures
  2 adders (D:2)
  A worm (D:2)
  A ball python (D:2)
  4 giant cockroaches
  5 goblins
  4 hobgoblins
  3 bats
  2 frilled lizards
  2 kobolds
  2 rats (D:2)
26 creatures vanquished.

Notes
Turn   | Place    | Note
-------+----------+-------------------------------------------
     0 | D:1      | smeego the Octopode Fire Elementalist began the quest for the Orb.
     0 | D:1      | Reached XP level 1. HP: 11/11 MP: 3/3
   436 | D:1      | Reached XP level 2. HP: 4/17 MP: 1/5
   443 | D:1      | Learned a level 2 spell: Throw Flame
  1116 | D:2      | Reached XP level 3. HP: 4/21 MP: 2/6
  1356 | D:2      | Learned a level 3 spell: Conjure Flame
  1832 | D:2      | Found an opulent altar of Gozag.
  1869 | D:2      | Found an iron altar of Okawaru.
  1887 | D:2      | HP: 1/21 [gnoll (1)]
  1888 | D:2      | Hit by a stone thrown by a gnoll

Vault maps used:
D:1:      nzn_arrival_depleted_hourglass, kennysheep_crisscross
D:2:      lemuel_coloured_pillars_altar, okawaru_altar_gauntlet_db

Skill      XL: |  1  2  3 |
---------------+----------+-----
Stealth        | 3 |  3.3
Conjurations   | 2 |  2.1
Dodging        | |  2.0
Spellcasting   | |  2.3
Fire Magic     | |  3.5

Action                   || total
-------------------------++-------
Melee: Unarmed           ||     6
       Constrict         ||    13
       Tentacles         ||     6
       Dagger            ||    43
       Hand axe          ||     2
 Cast: Flame Tongue      ||    12
  Use: Scroll            ||     3
 Stab: Sleeping          ||     5
  Eat: Chunk             ||     3
Armor: Skin              ||     4
Dodge: Dodged            ||    28

Table legend:
 A = Spawn XP
 B = Non-spawn XP
 C = Spawn XP percentage of total XP
 D = Spawn monster count
 E = Non-spawn monster count
 F = Spawn count percentage of total count
 G = Total turns spent on level
                    A         B        C        D         E        F      G
               +---------+---------+-------+---------+---------+-------+---------
         Total |       0 |      68 |   0.0 |       0 |      26 |   0.0 |  1888
               +---------+---------+-------+---------+---------+-------+---------
           D:1 |       0 |      14 |   0.0 |       0 |       9 |   0.0 |   699
           D:2 |       0 |      54 |   0.0 |       0 |      17 |   0.0 |  1189
               +---------+---------+-------+---------+---------+-------+---------
